Map: Simulacrum LE

Players

DPGPartinG (PartinG)

  • Race: Protoss Protoss
  • League: Grandmaster
  • Spawn Location: 11:00

JinairRogue (Rogue) - Winner!

  • Race: Zerg Zerg
  • Spawn Location: 5:00

VOD

Have the link to the VOD?

Description

Time

  • Played on: Jan. 16, 2020, 7:55 a.m.
  • Length: 25:30
Show
View Real Time Build Order
Export as new Build Order

DPGPartinG Protoss 

Build Orders: 1 Gate Expand, Mass Adepts 

Get SALT Encoding   

  12  0:00  Probe  
  13  0:12  Probe  
  14  0:17  Pylon  
  14  0:24  Probe (Chrono Boost)  
  15  0:36  Probe (Chrono Boost)  
  15  0:37  Gateway  
  16  0:45  Probe (Chrono Boost)  
  16  0:46  Assimilator  
  17  0:51  Probe  
  18  1:03  Probe  
  19  1:15  Probe  
  20  1:22  Nexus  
  20  1:33  Cybernetics Core  
  20  1:37  Probe  
  21  1:42  Assimilator  
  21  1:49  Probe  
  21  1:50  Pylon  
  22  2:01  Probe  
  23  2:07  Stalker (Chrono Boost)  
  23  2:10  Warp Gate  
  23  2:13  Probe (Chrono Boost)  
  27  2:24  Probe (Chrono Boost)  
  27  2:29  Twilight Council  
  27  2:30  Adept  
  27  2:34  Probe (Chrono Boost)  
  27  2:35  Probe (Chrono Boost)  
  33  2:44  Probe (Chrono Boost)  
  33  2:46  Probe (Chrono Boost)  
  33  2:49  Probe (Chrono Boost)  
  34  2:55  Probe  
  34  2:56  Robotics Facility  
  35  3:02  Gateway  
  35  3:08  Gateway  
  35  3:10  Resonating Glaives (Chrono Boost)  
  35  3:15  Probe x2  
  37  3:22  Gateway  
  37  3:27  Gateway  
  37  3:30  Probe  
  37  3:31  Probe  
  39  3:39  Warp Prism (Chrono Boost)  
  39  3:45  Pylon  
  41  3:50  Probe, Pylon  
  42  3:57  Adept  
  42  3:58  Adept  
  46  4:03  Adept  
  46  4:04  Probe x2  
  46  4:09  Observer  
  51  4:14  Pylon  
  51  4:16  Assimilator  
  51  4:29  Adept x2  
  51  4:30  Adept x3  
  61  4:33  Probe x2  
  61  4:37  Pylon  
  63  4:41  Assimilator  
  63  4:50  Dark Shrine  
  63  4:54  Adept x3  
  67  5:04  Probe x2  
  69  5:09  Adept x2  
  73  5:16  Pylon  
  73  5:17  Probe x2, Pylon  
  75  5:28  Stalker  
  77  5:33  Immortal (Chrono Boost)  
  81  5:48  Probe x2  
  79  6:00  Probe x2  
  79  6:02  Dark Templar x4  
  89  6:07  Forge  
  89  6:20  Immortal (Chrono Boost)  
  93  6:26  Nexus  
  93  6:28  Pylon  
  93  6:38  Blink (Chrono Boost)  
  93  6:40  Pylon  
  93  6:41  Pylon  
  91  6:50  Immortal (Chrono Boost), Stalker  
  89  7:03  Probe x2, Robotics Bay  
  89  7:07  Protoss Ground Weapons Level 1 (Chrono Boost), Pylon  
  83  7:16  Stalker x3  
  83  7:20  Probe x2  
  89  7:29  Observer  
  87  7:35  Stalker x2  
  91  7:40  Probe, Stalker x3  
  91  7:41  Probe  
  99  7:44  Shield Battery  
  99  7:45  Probe  
  100  7:53  Probe  
  100  7:55  Assimilator  
  100  7:57  Assimilator  
  101  7:58  Stalker x2  
  101  8:03  Stalker  
  107  8:10  Stalker x2  
  107  8:11  Observer  
  111  8:14  Probe x3  
  114  8:22  Disruptor (Chrono Boost)  
  117  8:31  Stalker x3  
  122  8:34  Stalker x2  
  122  8:40  Photon Cannon  
  126  8:45  Probe x3  
  125  9:03  Stalker x5  
  125  9:15  Shield Battery  
  125  9:17  Photon Cannon  
  125  9:19  Photon Cannon, Shield Battery  
  125  9:20  Shield Battery x2  
  125  9:25  Observer (Chrono Boost)  
  125  9:30  Sentry x5  
  136  9:42  Photon Cannon  
  136  9:44  Gateway  
  136  9:45  Extended Thermal Lance  
  135  9:46  Gateway  
  135  9:47  Gateway  
  135  9:52  Probe, Observer  
  136  9:59  Pylon  
  136  10:01  Pylon  
  136  10:02  Pylon  
  136  10:04  Observer  
  136  10:08  Protoss Ground Weapons Level 2 (Chrono Boost)  
  136  10:15  Colossus (Chrono Boost)  
  136  10:19  Pylon  
  136  10:21  Pylon  
  142  10:22  Pylon  
  142  10:32  Pylon, Robotics Facility  
  142  10:33  Pylon  
  142  10:34  Pylon  
  142  10:45  Nexus  
  142  10:47  Pylon  
  142  10:53  Observer  
  142  10:55  Colossus (Chrono Boost)  
  142  10:59  Templar Archives  
  142  11:00  Photon Cannon x2  
  148  11:09  Photon Cannon  
  148  11:13  Probe x3  
  151  11:20  Stalker x5  
  160  11:32  Colossus (Chrono Boost)  
  172  11:42  Probe x2  
  172  11:43  Probe  
  172  11:46  Colossus (Chrono Boost)  
  175  11:47  Photon Cannon  
  175  11:48  Shield Battery  
  172  12:04  Probe x3  
  173  12:16  High Templar x3  
  173  12:17  High Templar x4  
  173  12:18  High Templar  
  173  12:19  Observer  
  173  12:21  Warp Prism (Chrono Boost)  
  191  12:22  Archon x2  
  191  12:23  Archon  
  191  12:24  Archon  
  191  12:26  Gravitic Drive (Chrono Boost)  
  192  12:31  Observer (Chrono Boost)  
  192  12:38  Assimilator  
  192  12:42  Assimilator  
  192  12:45  Observer  
  192  12:50  Observer  
  191  13:01  Stalker x5  
  198  13:08  Observer  
  198  13:09  Observer  
  178  13:17  Stalker x3  
  154  13:25  Observer  
  146  13:28  Stalker x5  
  138  13:51  Zealot x4  
  138  13:54  Observer  
  124  14:02  Photon Cannon  
  124  14:04  Photon Cannon  
  124  14:05  Photon Cannon  
  124  14:07  Photon Cannon  
  124  14:09  Zealot  
  110  14:10  Gateway  
  110  14:11  Gateway  
  110  14:13  Gateway  
  110  14:15  Observer  
  111  14:20  Zealot x2  
  115  14:24  Pylon  
  115  14:25  Pylon, Cybernetics Core  
  111  14:32  Zealot  
  113  14:43  Probe x2  
  113  14:45  Observer (Chrono Boost)  
  113  14:53  Observer  
  113  14:57  Dark Templar x4  
  115  15:00  Probe  
  115  15:06  Archon  
  109  15:15  Probe (Chrono Boost)  
  109  15:17  Probe (Chrono Boost)  
  110  15:24  Robotics Facility  
  110  15:27  Probe (Chrono Boost)  
  110  15:28  Stalker  
  113  15:30  Robotics Facility  
  113  15:33  Probe (Chrono Boost)  
  115  15:36  Assimilator  
  115  15:37  Probe (Chrono Boost)  
  115  15:42  Probe (Chrono Boost)  
  115  15:46  Probe (Chrono Boost), Stalker x6  
  128  15:50  Probe (Chrono Boost)  
  128  15:52  Charge (Chrono Boost)  
  128  15:56  Gateway  
  130  15:57  Probe (Chrono Boost)  
  130  15:58  Gateway  
  130  15:59  Gateway  
  130  16:00  Probe (Chrono Boost), Forge  
  130  16:02  Probe (Chrono Boost)  
  133  16:05  Probe (Chrono Boost)  
  133  16:06  Observer, Stalker  
  133  16:10  Probe (Chrono Boost)  
  133  16:11  Stalker x4  
  144  16:13  Stalker  
  144  16:15  Pylon  
  146  16:35  Zealot x6  
  158  16:40  Observer  
  158  16:46  Immortal (Chrono Boost)  
  152  16:56  Immortal (Chrono Boost)  
  152  16:57  Immortal (Chrono Boost)  
  154  17:06  Stargate  
  154  17:09  Templar Archives  
  150  17:17  Dark Templar  
  144  17:25  Dark Templar  
  144  17:27  Stalker  
  148  17:30  Nexus  
  148  17:34  Dark Templar  
  149  17:46  Robotics Bay, Stalker x3  
  149  17:48  Observer  
  149  17:50  Dark Templar  
  158  17:58  Pylon, Psionic Storm  
  158  18:00  Photon Cannon  
  158  18:10  High Templar x2  
  158  18:11  High Templar  
  158  18:12  High Templar  
  166  18:20  Zealot  
  166  18:21  Zealot  
  166  18:22  Zealot x3  
  166  18:25  High Templar  
  166  18:26  Observer  
  178  18:33  Photon Cannon  
  178  18:35  Shield Battery  
  178  18:36  Probe x3  
  178  18:38  Observer  
  179  19:02  Stalker x3  
  185  19:03  Oracle (Chrono Boost)  
  185  19:05  Fleet Beacon  
  185  19:08  Stargate  
  188  19:11  Immortal (Chrono Boost)  
  188  19:16  Immortal (Chrono Boost)  
  196  19:30  Immortal (Chrono Boost)  
  198  19:48  Mothership (Chrono Boost)  
  200  19:58  Assimilator  
  200  20:00  Assimilator  
  200  20:02  Shield Battery  
  200  20:04  Shield Battery  
  200  20:06  Shield Battery  
  198  20:08  Shield Battery  
  198  20:10  Shield Battery  
  198  20:12  Photon Cannon  
  198  20:17  Observer x2  
  188  20:26  Zealot x6  
  188  20:27  Zealot x4  
  184  20:50  Zealot x8  
  162  21:07  High Templar x2  
  162  21:08  Immortal x2  
  169  21:22  High Templar x5  
  171  21:27  Archon x2  
  161  21:42  Zealot x5  
  154  22:01  Zealot x3  
  154  22:02  Zealot  
  154  22:07  Zealot  
  82  22:24  High Templar x2  
  82  22:25  High Templar x2, Zealot x2  
  82  22:28  Archon  
  82  22:29  Archon  
  94  22:30  Observer  
  94  22:35  Zealot  
  92  22:46  Observer  
  92  22:48  High Templar x2  
  96  22:54  Zealot x3  
  102  23:00  Archon  
  102  23:04  Observer  
  102  23:15  Nexus  
  102  23:17  Dark Templar  
  104  23:23  Observer  
  104  23:24  Pylon  
  104  23:31  Stalker x2  
  108  23:37  Oracle (Chrono Boost)  
  111  23:44  Observer  
  111  23:46  Dark Templar  
  112  23:59  Zealot x3  
  81  24:26  Archon  
  81  24:27  Archon  
  80  24:31  Zealot x7  
  80  24:33  High Templar  
  96  24:40  Observer  
  96  24:44  Zealot x2  
  101  24:52  Zealot x4  
  79  25:07  Zealot x5  
  61  25:21  Zealot x4  
Show
View Real Time Build Order
Export as new Build Order

JinairRogue Zerg - Winner!

Build Orders: Hatch First, Lurkers 

Get SALT Encoding   

  12  0:00  Drone  
  13  0:12  Overlord  
  13  0:17  Drone  
  14  0:30  Drone x2  
  16  0:48  Hatchery  
  15  0:51  Drone  
  15  0:54  Drone  
  17  0:57  Drone  
  18  1:07  Extractor  
  17  1:13  Spawning Pool  
  17  1:16  Drone  
  17  1:21  Drone  
  18  1:28  Drone  
  19  1:40  Drone  
  20  1:49  Overlord  
  20  2:00  Queen x2  
  24  2:01  Zergling x2  
  24  2:02  Zergling x2  
  26  2:11  Drone x2  
  28  2:21  Drone  
  28  2:22  Drone  
  30  2:33  Drone x2  
  32  2:37  Hatchery  
  32  2:43  Pneumatized Carapace  
  31  2:44  Drone  
  31  2:50  Queen  
  34  2:55  Overlord  
  34  2:57  Drone  
  35  3:05  Drone  
  36  3:13  Drone x5  
  36  3:17  Overlord  
  36  3:18  Drone  
  42  3:27  Queen  
  44  3:42  Drone x3  
  44  3:43  Drone, Roach Warren  
  47  3:51  Extractor x2, Overlord  
  47  3:52  Lair  
  47  3:54  Spine Crawler, Drone  
  45  3:57  Spine Crawler  
  45  3:59  Drone x3  
  45  4:02  Overlord  
  48  4:09  Overlord  
  48  4:23  Roach x6  
  60  4:28  Roach x2  
  60  4:31  Roach  
  66  4:38  Roach x2  
  70  4:39  Drone  
  70  4:40  Drone  
  70  4:41  Drone  
  73  4:47  Roach x2  
  77  4:56  Ravager  
  76  5:01  Roach x2  
  76  5:02  Roach, Overlord  
  76  5:06  Overlord  
  82  5:09  Overlord x2  
  82  5:10  Overseer  
  82  5:15  Overseer  
  82  5:19  Overlord  
  82  5:22  Overlord  
  82  5:24  Drone x3  
  82  5:26  Drone  
  86  5:36  Drone x4  
  86  5:38  Drone x2  
  86  5:41  Glial Reconstitution  
  92  5:44  Drone  
  92  5:51  Drone x2  
  92  5:53  Metabolic Boost  
  94  5:57  Spore Crawler  
  94  5:58  Extractor  
  94  6:01  Drone x3  
  94  6:02  Overseer  
  95  6:04  Drone  
  95  6:07  Extractor  
  95  6:08  Extractor, Evolution Chamber  
  93  6:11  Roach  
  93  6:12  Roach x4  
  93  6:14  Drone  
  104  6:20  Roach  
  104  6:21  Roach x3  
  104  6:24  Overlord  
  112  6:26  Drone x2  
  112  6:30  Drone  
  115  6:39  Overlord  
  113  6:40  Drone, Zerg Missile Weapons Level 1  
  113  6:45  Drone  
  113  6:46  Drone x6  
  117  6:56  Drone x3  
  117  6:57  Drone  
  115  7:06  Spire  
  114  7:12  Drone x2  
  114  7:15  Drone x3  
  119  7:17  Overlord  
  119  7:20  Overlord  
  119  7:23  Drone x4  
  119  7:24  Drone  
  119  7:31  Drone x3  
  122  7:38  Drone x2  
  122  7:40  Zergling x4  
  122  7:41  Overseer  
  126  7:47  Zergling x14  
  126  7:48  Baneling Nest  
  132  7:52  Spine Crawler  
  132  7:58  Drone x2  
  133  8:05  Overlord  
  133  8:09  Hydralisk Den  
  133  8:13  Drone  
  134  8:21  Mutalisk x6  
  134  8:26  Hatchery  
  143  8:27  Mutalisk x4  
  151  8:37  Zergling x6  
  151  8:40  Lurker Den  
  153  8:45  Zergling x4  
  153  8:48  Overlord x2  
  154  8:50  Overlord  
  154  8:53  Overseer  
  150  8:57  Infestation Pit  
  150  9:01  Drone x2  
  145  9:03  Ravager x3  
  145  9:04  Overlord x2  
  145  9:09  Drone x6  
  154  9:10  Overlord  
  154  9:15  Zerg Missile Weapons Level 2  
  154  9:16  Grooved Spines  
  154  9:17  Infestation Pit  
  154  9:19  Drone  
  151  9:29  Hydralisk x2  
  151  9:30  Hydralisk  
  157  9:31  Extractor  
  157  9:32  Extractor  
  157  9:33  Hydralisk x2  
  157  9:37  Drone x3  
  162  9:41  Zergling x2  
  162  9:42  Zergling x8  
  162  9:43  Drone  
  168  9:50  Hive  
  164  10:01  Overlord  
  164  10:02  Lurker  
  164  10:03  Lurker x2  
  164  10:04  Drone x2  
  164  10:05  Spore Crawler x2, Drone x2  
  169  10:16  Drone x2  
  169  10:17  Lurker x2  
  169  10:20  Spore Crawler  
  172  10:22  Spore Crawler  
  171  10:30  Hydralisk x4  
  171  10:31  Spore Crawler  
  171  10:32  Spore Crawler  
  171  10:33  Spore Crawler  
  176  10:40  Hydralisk x3  
  180  10:44  Drone x3  
  180  10:48  Overlord  
  180  10:49  Drone x2  
  185  10:50  Drone x2  
  185  10:55  Drone  
  185  10:56  Spore Crawler, Drone  
  186  10:58  Spore Crawler x2  
  186  11:02  Seismic Spines  
  184  11:04  Lurker  
  184  11:05  Lurker  
  184  11:07  Lurker  
  184  11:08  Lurker  
  188  11:12  Lurker x3  
  188  11:13  Drone  
  188  11:17  Queen  
  194  11:28  Drone x2  
  196  11:33  Burrow, Tunneling Claws  
  196  11:35  Spore Crawler  
  196  11:36  Spore Crawler x2, Overseer  
  196  11:39  Drone x2  
  195  11:42  Nydus Network  
  195  11:45  Zerg Missile Weapons Level 3  
  195  11:46  Zerg Flyer Weapons Level 1  
  194  11:47  Drone x2  
  194  11:51  Hydralisk  
  198  11:59  Adaptive Talons  
  196  12:06  Overseer  
  194  12:14  Overseer  
  194  12:22  Lurker  
  195  12:24  Muscular Augments  
  195  12:30  Drone x4  
  195  12:33  Hatchery  
  195  12:36  Spore Crawler x2  
  196  12:37  Spore Crawler x2  
  196  12:40  Nydus Canal  
  194  12:45  Hydralisk x2  
  194  12:46  Hydralisk  
  199  12:58  Spore Crawler  
  199  13:00  Spore Crawler  
  196  13:07  Hydralisk  
  196  13:10  Hydralisk x3  
  181  13:14  Hydralisk  
  181  13:15  Overlord  
  181  13:17  Hydralisk x4  
  181  13:18  Hydralisk x2  
  157  13:21  Hydralisk x3  
  157  13:22  Hydralisk x2  
  157  13:24  Lurker x2  
  157  13:26  Hydralisk x4  
  157  13:27  Hydralisk  
  155  13:29  Overlord x2  
  144  13:37  Hydralisk x9  
  145  13:49  Hydralisk  
  145  13:53  Hydralisk  
  125  14:09  Lurker x3  
  116  14:13  Drone  
  113  14:27  Lurker x4  
  113  14:28  Drone x2  
  117  14:40  Drone x2  
  117  14:41  Drone x3  
  119  14:48  Hydralisk  
  119  14:49  Hydralisk  
  119  14:50  Hydralisk  
  123  14:53  Overseer  
  123  14:58  Drone x3  
  97  15:18  Lurker x2  
  96  15:34  Hatchery  
  95  15:36  Hydralisk x4  
  95  15:37  Zergling x2  
  95  15:38  Zergling x12  
  110  15:46  Drone x3  
  114  15:57  Lurker x3  
  114  15:59  Drone x4  
  114  16:00  Drone  
  121  16:09  Hydralisk x2  
  121  16:11  Lurker  
  126  16:29  Viper  
  126  16:30  Viper  
  132  16:37  Overseer  
  129  16:43  Zergling x14, Lurker  
  134  16:47  Lurker  
  134  16:48  Drone  
  131  16:54  Zergling x6  
  131  16:59  Extractor  
  131  17:00  Extractor  
  125  17:12  Hydralisk x3  
  124  17:20  Lurker x2  
  124  17:21  Lurker  
  126  17:25  Drone x2  
  126  17:27  Drone  
  129  17:32  Nydus Canal  
  129  17:38  Lurker  
  129  17:42  Hydralisk x2  
  135  17:51  Lurker  
  135  17:52  Drone x2  
  135  17:56  Spore Crawler  
  136  17:59  Overlord  
  136  18:03  Lurker x3  
  139  18:12  Overlord x2  
  139  18:17  Overlord  
  139  18:19  Viper  
  139  18:25  Viper  
  145  18:27  Zergling x2  
  145  18:28  Zergling x18  
  145  18:30  Zergling x2  
  156  18:34  Overlord  
  156  18:35  Lurker  
  156  18:36  Lurker  
  156  18:38  Nydus Canal  
  158  18:43  Overseer  
  158  18:50  Hydralisk x3  
  164  19:02  Spine Crawler, Drone  
  164  19:03  Spine Crawler  
  162  19:11  Lurker x2  
  163  19:28  Hydralisk x4  
  170  19:37  Hydralisk x5  
  170  19:38  Hydralisk  
  181  19:39  Lurker  
  181  19:40  Lurker  
  175  19:54  Overseer x5  
  175  20:01  Hydralisk x3  
  180  20:10  Overlord  
  173  20:33  Hydralisk x4  
  181  20:39  Hatchery  
  177  20:46  Lurker x2  
  177  20:47  Lurker x2  
  181  20:51  Zergling x12  
  156  21:05  Hydralisk x4  
  162  21:15  Zergling x10  
  148  21:27  Overseer x6  
  139  21:41  Hydralisk x4  
  146  22:00  Overseer  
  146  22:02  Hydralisk  
  146  22:03  Hydralisk x3  
  146  22:04  Hydralisk  
  85  22:22  Hydralisk  
  85  22:23  Hydralisk x2  
  85  22:24  Zergling x4  
  89  22:35  Zergling x12  
  89  22:36  Overseer  
  89  22:50  Overseer  
  89  22:55  Lurker  
  90  23:11  Lurker  
  91  23:14  Zergling x24  
  91  23:19  Roach Warren  
  102  23:42  Lurker x2  
  102  23:43  Overlord  
  102  23:44  Hatchery  
  103  24:00  Roach x5  
  113  24:09  Roach  
  117  24:10  Roach  
  92  24:29  Roach  
  92  24:30  Zergling x14, Roach x3  
  99  24:40  Hydralisk  
  99  24:41  Zergling x6  
  104  24:47  Hatchery  
  98  24:53  Overseer x3  
  98  24:59  Hydralisk x2  
  85  25:00  Zergling x6  
  83  25:11  Zergling x8  
Tags
 
Add a new tag
Caveats
  • Supply blocks, unpowered buildings, or Contaminate may cause inaccurate times.
  • Supply counts are checked every 10 seconds.